 Dungeon Crawl Stone Soup version 0.20.1-1-g8b1a95d (webtiles) character file.

4979 vineage the Cleaver (level 10, -7/77 HPs)
             Began as a Demonspawn Gladiator on Aug 22, 2017.
             Was a Follower of Okawaru.
             Mangled by a two-headed ogre
             ... wielding a +0 giant spiked club
              (10 damage)
             ... on level 8 of the Dungeon.
             The game lasted 00:16:37 (9474 turns).

vineage the Cleaver (Demonspawn Gladiator)          Turns: 9474, Time: 00:16:37

Health: -7/77      AC: 11    Str: 18    XL:     10   Next: 29%
Magic:  9/10       EV: 18    Int: 10    God:    Okawaru [*.....]
Gold:   441        SH:  0    Dex: 14    Spells: 9/9 levels left

rFire    . . .     SeeInvis .   a - +0 war axe
rCold    . . .     Gourm    .   (no shield)
rNeg     . . .     Faith    +   y - +1 ring mail {rPois}
rPois    +         Spirit   .   I - +0 helmet (curse)
rElec    .         Reflect  .   C - +0 cloak
rCorr    .         Harm     .   g - +0 pair of gloves
MR       +....                  (no boots)
Stlth    +.........             e - amulet of faith
Regen    0.3/turn               n - +4 ring of evasion
MPRegen  0.2/turn               m - ring of protection from magic

@: hasted, very quick
A: hooves 1, foul stench 1, rot immunity, sturdy frame 1
a: Heroism, Renounce Religion


You were on level 8 of the Dungeon.
You worshipped Okawaru.
Okawaru was aware of your devotion.
You were not hungry.

You visited 2 branches of the dungeon, and saw 9 of its levels.

You collected 441 gold pieces.

Inventory:

Hand Weapons
 a - a +0 war axe (weapon)
Missiles
 d - 3 throwing nets (quivered)
Armour
 b - a +0 leather armour
 c - a +0 helmet
 g - a +0 pair of gloves (worn)
 k - a +0 chain mail
 y - a +1 ring mail of poison resistance (worn)
 C - a +0 cloak (worn)
 I - a cursed +0 helmet (worn)
Jewellery
 e - an amulet of faith (around neck)
 m - a ring of protection from magic (right hand)
 n - a +4 ring of evasion (left hand)
 q - an uncursed ring of magical power
 x - an uncursed ring of wizardry
 B - an uncursed ring of protection from cold
Wands
 j - a wand of random effects (22/48)
 u - a wand of clouds (7/9)
Scrolls
 h - 2 scrolls of immolation
 i - 4 scrolls of remove curse
 l - a scroll of amnesia
 p - 2 scrolls of magic mapping
 r - 3 scrolls of blinking
 v - a scroll of recharging
 w - 2 scrolls of fear
 A - a scroll of teleportation
Potions
 s - a potion of resistance
 E - a potion of lignification
 G - a potion of invisibility
Books
 t - a book of Necromancy

   Spells                             Type                      Level
   a - Pain                           Necromancy                   1
   b - Animate Skeleton               Necromancy                   1
   c - Vampiric Draining              Necromancy                   3
   d - Regeneration                   Charms/Necromancy            3
   e - Animate Dead                   Necromancy                   4
   f - Control Undead                 Necromancy                   4
 J - a book of Air

   Spells                             Type                      Level
   a - Shock                          Conjuration/Air              1
   b - Swiftness                      Charms/Air                   2
   c - Static Discharge               Conjuration/Air              3
   d - Airstrike                      Air                          4
   e - Lightning Bolt                 Conjuration/Air              5
Comestibles
 f - 6 bread rations
 o - 2 meat rations
 D - a royal jelly
 H - a fruit


   Skills:
 + Level 6.8 Fighting
 + Level 10.3 Axes
 + Level 1.8 Throwing
 + Level 5.7 Armour
 + Level 5.3 Dodging
 + Level 1.4 Stealth


You had 9 spell levels left.
You didn't know any spells.

Dungeon Overview and Level Annotations

Branches:
Dungeon (8/15)             Temple (1/1) D:6
   Lair: D:8-11

Altars:
Ashenzari
Cheibriados
Dithmenos
Elyvilon
Fedhas
Gozag
Hepliaklqana
Kikubaaqudgha
Makhleb
Nemelex Xobeh
Okawaru
Qazlal
Ru
Sif Muna
Trog
Uskayaw
Vehumet
Xom
Yredelemnul
Zin
The Shining One

Shops:
D:6 =   D:7 (

Annotations:
D:4 Menkaure


Innate Abilities, Weirdness & Mutations

You have large cloven feet.
You may emit foul miasma when damaged in melee.
You are immune to rotting.
Your movements are slightly less encumbered by armour. (ER -2)


Message History

You hit the two-headed ogre. You kick the two-headed ogre.
The two-headed ogre is severely wounded.
You hit the two-headed ogre.
You kick the two-headed ogre, but do no damage.
The two-headed ogre is almost dead.
The two-headed ogre hits you with a giant spiked club.
* * * LOW HITPOINT WARNING * * *
The two-headed ogre barely misses you.
You hit the two-headed ogre but do no damage.
You kick the two-headed ogre, but do no damage.
The two-headed ogre is almost dead.
You feel like a meek peon again.
You hit the two-headed ogre but do no damage.
You kick the two-headed ogre, but do no damage.
The two-headed ogre is almost dead.
You barely miss the two-headed ogre. Your kick misses the two-headed ogre.
The two-headed ogre is almost dead.
The two-headed ogre closely misses you.
The two-headed ogre hits you with a dire flail of protection!
You die...

##.....## ## ##...##
##'## #.# #.#
#####.##### #.........#
#[######.#.....#.######
#....O@................
########.###..##.######
#.# #..##.# #.# #.###.#
#.# #.# #.# #.###.###.#
#.........# #####.#####
#.#


You could see a two-headed ogre.

Vanquished Creatures
  A two-headed ogre (D:8)
  Pikel (D:6)
  The ghost of Sause the Archer, a novice CeHu (D:5)
  Sigmund (D:6)
  3 sky beasts
  2 ice beasts
  2 phantoms (D:5)
  A black bear (D:8)
  A slave (D:6)
  3 ogres
  A necrophage (D:5)
  3 centaurs
  2 bullfrogs
  A big kobold (D:8)
  6 scorpions
  A water moccasin skeleton (D:5)
  4 wights (D:6)
  2 howler monkeys (D:5)
  5 crimson imps
  6 hounds
  A jelly (D:8)
  2 orc priests
  2 centaur skeletons
  7 orc wizards
  6 worker ants
  3 iguanas
  2 hound skeletons
  Robin (D:2)
  A howler monkey zombie (D:5)
  2 howler monkey skeletons
  7 adders
  4 shadow imps
  A worm (D:3)
  2 dart slugs
  5 leopard geckos
  22 orcs
  9 bats
  5 giant cockroaches
  17 goblins
  11 hobgoblins
  6 jackals
  8 kobolds
  3 quokkas
  2 ball pythons (D:2)
  4 frilled lizards (D:1)
  2 quokka skeletons
  12 rats
  A plant (D:5)
195 creatures vanquished.

Vanquished Creatures (others)
  A centaur (D:6)
  An iguana (D:6)
  A shadow imp (D:6)
  A plant (D:5)
4 creatures vanquished.

Grand Total: 199 creatures vanquished

Notes
Turn   | Place    | Note
-------+----------+-------------------------------------------
     0 | D:1      | vineage the Demonspawn Gladiator began the quest for the Orb.
     0 | D:1      | Reached XP level 1. HP: 16/16 MP: 1/1
   161 | D:1      | Reached skill level 3 in Axes
   161 | D:1      | Gained mutation: You are immune to rotting. [demonic ancestry]
   161 | D:1      | Reached XP level 2. HP: 19/22 MP: 2/2
   609 | D:1      | Reached XP level 3. HP: 27/27 MP: 3/3
   839 | D:2      | Noticed Robin
   873 | D:2      | Killed Robin
  1061 | D:2      | Reached XP level 4. HP: 28/34 MP: 4/4
  1661 | D:3      | Reached skill level 4 in Axes
  1732 | D:3      | Reached skill level 1 in Armour
  1747 | D:3      | Gained mutation: You may emit foul miasma when damaged in melee. [demonic ancestry]
  1747 | D:3      | Reached XP level 5. HP: 22/39 MP: 5/5
  2487 | D:3      | Found a sacrificial altar of Ru.
  2651 | D:4      | Found a white marble altar of Elyvilon.
  2774 | D:4      | Reached XP level 6. HP: 21/46 MP: 6/6
  2987 | D:4      | Reached skill level 5 in Axes
  3472 | D:4      | HP: 3/70 [orc priest/divine providence (12)]
  3472 | D:4      | HP: 1/70 [orc/falchion (2)]
  3488 | D:4      | Noticed Menkaure
  3889 | D:4      | Found a blossoming altar of Fedhas.
  4051 | D:4      | Reached XP level 7. HP: 38/52 MP: 7/7
  4485 | D:5      | Entered Level 5 of the Dungeon
  4495 | D:5      | Noticed Sause's ghost (novice CeHu)
  4524 | D:5      | Killed Sause's ghost
  4524 | D:5      | Reached skill level 6 in Axes
  4536 | D:5      | Gained mutation: Your movements are slightly less encumbered by armour. (ER -2) [demonic ancestry]
  4536 | D:5      | Reached XP level 8. HP: 44/60 MP: 8/8
  4640 | D:5      | Reached skill level 7 in Axes
  5408 | D:5      | Reached skill level 5 in Fighting
  5542 | D:5      | Reached skill level 8 in Axes
  6083 | D:5      | Reached XP level 9. HP: 64/68 MP: 9/9
  6501 | D:6      | Noticed Pikel
  6529 | D:6      | Killed Pikel
  6529 | D:6      | Reached skill level 1 in Stealth
  6814 | D:6      | Noticed Sigmund
  6850 | D:6      | Killed Sigmund
  6850 | D:6      | Reached skill level 9 in Axes
  7012 | D:6      | Reached skill level 5 in Armour
  7053 | D:6      | Found a staircase to the Ecumenical Temple.
  7062 | Temple   | Entered the Ecumenical Temple
  7147 | Temple   | Became a worshipper of Warmaster Okawaru
  7241 | D:6      | Found Ciul's Jewellery Emporium.
  7698 | D:7      | Reached skill level 5 in Dodging
  7792 | D:7      | Found Boqosm's Antique Weapon Shoppe.
  8169 | D:7      | Reached * piety under Okawaru
  8475 | D:7      | Gained mutation: You have large cloven feet. [demonic ancestry]
  8475 | D:7      | Reached XP level 10. HP: 63/77 MP: 10/10
  8869 | D:8      | Noticed a two-headed ogre
  8883 | D:8      | Killed a two-headed ogre
  8883 | D:8      | Reached skill level 10 in Axes
  9226 | D:8      | Found a stormy altar of Qazlal.
  9444 | D:8      | Noticed a two-headed ogre
  9463 | D:8      | HP: 3/77 [two-headed ogre/giant spiked club (3)]
  9468 | D:8      | HP: 3/77 [two-headed ogre/giant spiked club (1)]
  9474 | D:8      | Mangled by a two-headed ogre

Skill      XL: |  1  2  3  4  5  6  7  8  9 10 |
---------------+-------------------------------+-----
Axes           | 3 4 5 6 8 9 10 | 10.3
Dodging        | 3 4 5 |  5.3
Armour         | 1 2 3 4 5 |  5.7
Fighting       | 3 4 5 6 |  6.8
Stealth        | 1 |  1.4
Throwing       | |  1.8

Action                   |  1- 3 |  4- 6 |  7- 9 | 10-12 || total
-------------------------+-------+-------+-------+-------++-------
Melee: War axe           |    97 |   228 |   489 |    90 ||   904
       Kick              |       |       |       |    34 ||    34
       Punch             |       |       |       |     1 ||     1
Invok: Heroism           |       |       |       |     1 ||     1
  Use: Potion            |     1 |     3 |     3 |     2 ||     9
       Scroll            |       |    11 |     4 |       ||    15
  Eat: Chunk             |       |     9 |     5 |     4 ||    18
       Fruit             |       |     2 |     2 |       ||     4
       Royal jelly       |       |       |     1 |       ||     1
       Meat ration       |       |       |     1 |       ||     1
Armor: Leather armour    |    20 |       |       |       ||    20
       Chain mail        |    52 |   126 |       |       ||   178
       Skin              |    25 |    21 |       |       ||    46
       Ring mail         |       |    13 |   184 |    20 ||   217
Dodge: Dodged            |    67 |   116 |   294 |    75 ||   552
